 Dungeon Crawl Stone Soup version 0.27.1-35-g4d5d836560 (webtiles) character file.

Game seed: 14822325552882782515

2468 cbfl8 the Poker (level 9, -1/78 HPs)
             Began as a Minotaur Delver on Mar 26, 2022.
             Was a Priest of Yredelemnul.
             Slain by Duvessa (16 damage)
             ... on level 7 of the Dungeon.
             The game lasted 00:12:08 (6989 turns).

cbfl8 the Poker (Minotaur Delver)                   Turns: 6989, Time: 00:12:08

Health: -1/78      AC: 10    Str: 20    XL:     9   Next: 26%
Magic:  9/9        EV: 11    Int:  7    God:    Yredelemnul [***...]
Gold:   306        SH:  0    Dex: 12    Spells: 8/8 levels left

rFire    . . .     SeeInvis .   y - +4 dire flail (vorpal)
rCold    . . .     Faith    .   (shield currently unavailable)
rNeg     . . .     Spirit   .   i - +0 scale mail
rPois    .         Reflect  .   (helmet restricted)
rElec    .         Harm     .   z - +0 cloak
rCorr    .         Rampage  .   (no gloves)
Will     .....                  r - +0 pair of boots
Stlth    +.........             u - amulet of the acrobat
HPRegen  0.23/turn              o - +4 ring of slaying
MPRegen  0.11/turn              p - ring of wizardry

@: no status effects
A: horns 2, retaliatory headbutt
a: Renounce Religion, Recall Undead Slaves, Injury Mirror, Animate Dead


You were on level 7 of the Dungeon.
You worshipped Yredelemnul.
Yredelemnul was most pleased with you.
You visited 2 branches of the dungeon, and saw 8 of its levels.

You collected 306 gold pieces.

Inventory:

Hand Weapons
 a - a +0 hand axe
 q - a +3 spear
 y - a +4 vorpal dire flail (weapon)
Armour
 b - a +0 leather armour
 i - a +0 scale mail (worn)
 r - a +0 pair of boots (worn)
 z - a +0 cloak (worn)
Jewellery
 o - a +4 ring of slaying (left hand)
 p - a ring of wizardry (right hand)
 u - an amulet of the acrobat (around neck)
 w - a ring of wizardry
Wands
 d - a wand of flame (21)
 g - a wand of digging (3)
 x - a wand of iceblast (16)
 B - a wand of paralysis (12)
Scrolls
 c - 2 scrolls of fog
 e - a scroll of fear
 h - 2 scrolls of summoning {unknown}
 j - 5 scrolls of teleportation {unknown}
 k - 5 scrolls of identify {unknown}
 m - a scroll of immolation {unknown}
 s - a scroll of holy word {unknown}
 t - a scroll of vulnerability {unknown}
 A - a scroll of enchant weapon {unknown}
 C - a scroll of torment {unknown}
Potions
 f - 2 potions of haste
 l - 3 potions of curing {unknown}
 n - 2 potions of resistance {unknown}
 v - a potion of flight {unknown}


   Skills:
 + Level 6.6 Fighting
 + Level 5.0(7.4) Axes
 + Level 3.3(4.7) Maces & Flails
 + Level 7.7(8.4) Polearms
 + Level 7.6 Armour
 + Level 4.2 Dodging
 + Level 5.1 Stealth
 + Level 1.7 Invocations


You had 8 spell levels left.
You didn't know any spells.
Your spell library contained the following spells:

 Spells                   Type           Power      Damage    Failure   Level
 Conjure Flame            Conj/Fire      0%         6-21      77%         3
 Ignite Poison            Fire/Tmut/Pois 0%         N/A       77%         3
 Animate Dead             Necr           0%         N/A       98%         4
 Sticky Flame             Conj/Fire      0%         2d3       98%         4
 Borgnjor's Vile Clutch   Necr/Erth      0%         N/A       100%        5
 Death Channel            Necr           0%         N/A       100%        6
 Borgnjor's Revivificati  Necr           0%         N/A       100%        8
 Necromutation            Tmut/Necr      0%         N/A       100%        8
 Death's Door             Necr           0%         N/A       100%        9


Dungeon Overview and Level Annotations

Branches:
Dungeon (7/15)             Temple (1/1) D:5

Altars:
Ashenzari
Cheibriados
Dithmenos
Elyvilon
Fedhas
Hepliaklqana
Makhleb
Nemelex Xobeh
Okawaru
Qazlal
Ru
Trog
Uskayaw
Wu Jian
Yredelemnul
Zin
The Shining One

Shops:
D:4 [   D:6 *

Annotations:
D:7 Duvessa, Prince Ribbit


Innate Abilities, Weirdness & Mutations

You have a pair of horns on your head.
You reflexively headbutt those who attack you in melee.


Message History

C - a scroll labelled CAKIXU ZYDAEXT You swap places.
You open the door.
Duvessa and Dowan come into view.
Duvessa is wielding a +1 vampiric rapier.
Dowan shouts!
Duvessa shouts!
You completely miss Dowan. Your headbutt misses Dowan.
Dowan points at Duvessa and mumbles some strange words.
Duvessa seems to speed up.
Duvessa says, "Where magic fails, the sword succeeds!"
You barely miss Dowan. Your headbutt misses Dowan.
Dowan hits you with a +0 dagger.
You impale Dowan!!
You kill Dowan!
Yredelemnul accepts your kill.
Duvessa screams, "No!
How DARE you!"
Duvessa goes berserk!
Duvessa hits you with a +1 vampiric rapier!
You closely miss Duvessa. You headbutt Duvessa.
Duvessa is lightly wounded.
Duvessa hits you with a +1 vampiric rapier!
Duvessa draws strength from your wounds!
You completely miss Duvessa. Duvessa barely misses you.
Duvessa hits you with a +1 vampiric rapier.
You hit Duvessa but do no damage. You headbutt Duvessa!
Duvessa is lightly wounded.
Duvessa hits you with a +1 vampiric rapier.
Duvessa draws strength from your wounds!
You sock Duvessa! You headbutt Duvessa.
Duvessa is heavily wounded.
Duvessa hits you with a +1 vampiric rapier.
Duvessa draws strength from your wounds!
Duvessa hits you with a +1 vampiric rapier!!
* * * LOW HITPOINT WARNING * * *
You hit Duvessa.
Duvessa is heavily wounded.
Duvessa barely misses you.
Duvessa hits you with a +1 vampiric rapier!
You die...
Your body rises from the dead as a mindless zombie.

#........# ##.##
#........# #z.#
#.......Z# ##.##
########Z# #..#
#z# ##z# #z#
#######Z#### #z#
#.....z....# #z#
#..........# #@#
#..........# #e#
#....Z.....# ...
####'###...#
...###§≈≈)z≈##..#
#..##≈§≈....≈§##.#
..##§§§§.....§§###
...#≈≈........§§#
...##≈.§....Z..§§#
#≈≈.......⌠(.§#


You could see Duvessa (berserk, fast, ally target), 4 friendly flying skulls, a
friendly iguana zombie and a friendly hound zombie.

Vanquished Creatures
  Grinder (D:4)
  Edmund (D:6)
  An acid dragon (D:7)
  2 ice beasts
  2 orc warriors
  A necrophage (D:4)
  5 ogres
  A centaur (D:7)
  3 scorpions
  A wyvern zombie (D:5)
  2 bullfrogs
  Dowan (D:7)
  A lava snake (D:7)
  A jelly (D:4)
  A centaur zombie (D:6)
  4 hounds
  A bullfrog skeleton (D:6)
  A centaur skeleton (D:4)
  A gnoll shaman (D:6)
  An orc priest (D:7)
  4 iguanas
  2 orc wizards
  4 adders
  4 gnolls (D:6)
  A howler monkey skeleton (D:7)
  An ufetubus (D:5)
  2 adder skeletons
  A worm (D:3)
  5 dart slugs
  12 orcs
  3 bats
  7 endoplasms
  5 giant cockroaches
  13 goblins
  6 hobgoblins
  6 jackals
  7 kobolds
  6 quokkas
  4 ball pythons
  2 frilled lizards
  A giant cockroach zombie (D:2)
  A quokka zombie (D:2)
  9 rats
138 creatures vanquished.

Vanquished Creatures (others)
  2 bullfrog zombies
  A gnoll zombie (D:6)
  3 plants (D:1)
  A withered plant (D:2)
7 creatures vanquished.

Grand Total: 145 creatures vanquished

Notes
Turn   | Place    | Note
-------+----------+-------------------------------------------
     0 | D:5      | cbfl8 the Minotaur Delver began the quest for the Orb.
     0 | D:5      | Reached XP level 1. HP: 19/19 MP: 0/0
    31 | D:5      | Noticed a hound
    37 | D:5      | Killed a hound
    38 | D:5      | Reached XP level 2. HP: 14/27 MP: 1/1
    38 | D:5      | Reached XP level 3. HP: 17/33 MP: 2/2
   198 | D:5      | Found a staircase to the Ecumenical Temple.
   209 | Temple   | Entered the Ecumenical Temple
   283 | Temple   | Became a worshipper of Yredelemnul the Dark
   416 | D:4      | Reached skill level 1 in Armour
   429 | D:4      | Reached XP level 4. HP: 18/40 MP: 3/3
   479 | D:4      | Reached skill level 5 in Stealth
   747 | D:3      | Found a snail-covered altar of Cheibriados.
  1068 | D:1      | Reached * piety under Yredelemnul
  1082 | D:1      | Found a faded altar of an unknown god.
  1323 | D:2      | Reached XP level 5. HP: 44/46 MP: 4/4
  1610 | D:2      | Noticed an ogre
  1621 | D:2      | Killed an ogre
  1621 | D:2      | Reached ** piety under Yredelemnul
  1622 | D:2      | Reached XP level 6. HP: 28/53 MP: 5/5
  2171 | D:3      | Found a white marble altar of Elyvilon.
  2687 | D:3      | Found a burning altar of Makhleb.
  2708 | D:3      | Found a shadowy altar of Dithmenos.
  2922 | D:4      | Found an ornate altar of the Wu Jian Council.
  2957 | D:4      | Noticed an ice beast
  2969 | D:4      | Killed an ice beast
  2969 | D:4      | HP: 2/53 [kobold (5)]
  2970 | D:4      | Reached skill level 1 in Polearms
  2972 | D:4      | Found a broken altar of Ashenzari.
  3294 | D:4      | Noticed Grinder
  3303 | D:4      | Paralysed by Grinder for 3 turns
  3480 | D:4      | Killed Grinder
  3481 | D:4      | Reached skill level 5 in Fighting
  3481 | D:4      | Reached XP level 7. HP: 29/61 MP: 6/6
  3771 | D:4      | Found Lankeokkea's Armour Boutique.
  3833 | D:4      | Reached skill level 5 in Axes
  4310 | D:5      | Reached skill level 5 in Armour
  4578 | D:5      | Reached skill level 5 in Polearms
  4578 | D:5      | Reached XP level 8. HP: 69/69 MP: 7/7
  5337 | D:6      | Reached *** piety under Yredelemnul
  5383 | D:6      | Found a glowing silver altar of Zin.
  5564 | D:6      | Noticed Edmund
  5582 | D:6      | Killed Edmund
  6079 | D:6      | Reached skill level 1 in Invocations
  6101 | D:6      | Found Udapn's Neck Hole.
  6338 | D:7      | Reached skill level 1 in Maces & Flails
  6338 | D:7      | Reached XP level 9. HP: 64/78 MP: 8/8
  6343 | D:7      | Noticed Prince Ribbit
  6769 | D:7      | Received a gift from Yredelemnul (4 flying skulls)
  6981 | D:7      | Noticed Duvessa
  6981 | D:7      | Noticed Dowan
  6984 | D:7      | Killed Dowan
  6989 | D:7      | Slain by Duvessa

Illustrated notes

Levels and vault maps discovered:
D:1:      scummos_arrival_star, layout_rooms, chequers_ecumenical_altar_lobes
D:2:      layout_rooms, serial_undead, serial_undead_d, serial_undead_c,
          serial_undead_a, serial_undead_a, kennysheep_generic_room_5
D:3:      layout_loops_ring, mainiacjoe_overflow_concentric_impassable,
          mainiacjoe_overflow_cross_hatched, bloody_makhleb,
          nicolae_dithmenos_through_a_glass_darkly, minmay_goblin_outpost
D:4:      layout_rooms, cheibrodos_ashenzari_chains, nzn_wu_jian_contemplation,
          serial_shops, nicolae_square_shop, uniq_grinder
D:5:      layout_rooms, minmay_temple_entry_antechambers,
          hangedman_decor_growths
D:6:      layout_basic, nicolae_overflow_crystal_walls, serial_curves,
          eino_curves_04, eino_curves_04, eino_curves_04,
          hangedman_decor_diamond_cutter, nicolae_shop_sticking_my_neck_out,
          uniq_edmund
D:7:      layout_basic, kennysheep_potato, uniq_duvessa, uniq_prince_ribbit1
Temple:   eino_temple_lava

Skill      XL: |  1  2  3  4  5  6  7  8  9 |
---------------+----------------------------+-----
Armour         | 1 2 3 4 5 7 |  7.6
Fighting       | 4 5 6 |  6.6
Stealth        | 5 |  5.1
Axes           | 3 4 5 |  5.0
Polearms       | 3 5 7 |  7.7
Dodging        | 3 4 |  4.2
Invocations    | 1 |  1.7
Maces & Flails | 1 3 |  3.3

Action                   |  1- 3 |  4- 6 |  7- 9 || total
-------------------------+-------+-------+-------++-------
Melee: Hand axe          |    21 |   108 |       ||   129
       Headbutt          |     3 |    19 |    35 ||    57
       Spear             |       |    55 |   104 ||   159
       Dire flail        |       |       |    46 ||    46
Invok: Animate Dead      |       |       |     8 ||     8
  Use: Scroll            |     1 |     1 |     1 ||     3
 Stab: Sleeping          |       |     1 |     1 ||     2
Armor: Leather armour    |     6 |    12 |       ||    18
       Scale mail        |       |    60 |    39 ||    99
Dodge: Dodged            |    25 |   111 |    90 ||   226
